 Dungeon Crawl Stone Soup version 0.21.1-1-g345015fe64 (webtiles) character file.

25 Gargoyl the Skirmisher (level 2, 0/26 HPs)
             Began as a Centaur Abyssal Knight on June 12, 2018.
             Was a Follower of Lugonu.
             Slain by an adder (2 damage)
             ... on level 2 of the Dungeon.
             The game lasted 00:02:26 (903 turns).

Gargoyl the Skirmisher (Centaur Abyssal Knight)      Turns: 903, Time: 00:02:27

Health: 0/26       AC:  4    Str: 14    XL:     2   Next: 86%
Magic:  3/3        EV:  6    Int: 11    God:    Lugonu [*.....]
Gold:   72         SH:  6    Dex:  8    Spells: 1/1 levels left

rFire    + + .     SeeInvis .   a - +1 hand axe
rCold    . . .     Gourm    .   m - +0 shield
rNeg     . . .     Faith    .   b - +0 leather armour
rPois    .         Spirit   .   (no helmet)
rElec    .         Reflect  .   (no cloak)
rCorr    .         Harm     .   (no gloves)
MR       .....                  (no barding)
Stlth    ..........             (no amulet)
HPRegen  0.08/turn              d - ring of protection from fire
MPRegen  0.08/turn              k - ring of protection from fire

@: lethally poisoned (0 -> -7), very quick
A: large, hooves 3, deformed body, speed 2, tough skin 3
a: Depart the Abyss, Renounce Religion


You were on level 2 of the Dungeon.
You worshipped Lugonu.
Lugonu was aware of your devotion.
You were not hungry.

You visited 1 branch of the dungeon, and saw 2 of its levels.
You visited the Abyss 1 time.

You collected 72 gold pieces.

Inventory:

Hand Weapons
 a - a +1 hand axe (weapon)
Armour
 b - a +0 leather armour (worn)
 m - a +0 shield (worn)
Jewellery
 d - a ring of protection from fire (left hand)
 k - a ring of protection from fire (right hand)
Scrolls
 g - a scroll of enchant armour {unknown}
 h - a scroll of teleportation {unknown}
 j - a scroll of noise {unknown}
 l - a scroll of remove curse
Potions
 e - a potion of might {unknown}
 f - 2 potions of degeneration {unknown}
 i - a potion of agility {unknown}
 n - a potion of berserk rage {unknown}
Comestibles
 c - 4 rations


   Skills:
 + Level 3.3 Fighting
 + Level 2.3 Axes
 * Level 1.6 Armour
 + Level 0.7 Dodging
 * Level 2.3 Invocations


You had one spell level left.
You didn't know any spells.

Dungeon Overview and Level Annotations

Branches:
Dungeon (2/15)

Altars:


Innate Abilities, Weirdness & Mutations

You have hooves in place of feet.
Armour fits poorly on your strangely shaped body.
You cover ground very quickly.
You have extremely tough skin. (AC +3)


Message History

You miss the adder. x2; You feel sick. The adder bites you.
You block the adder's attack. The adder bites you.
You are lethally poisoned!
The adder poisons you! The adder barely misses you.
You hit the adder but do no damage.
Your shield and leather armour prevent you from hitting the adder.
You feel sick. The adder barely misses you. The adder bites you.
* * * LOW HITPOINT WARNING * * *
You block the adder's attack. The adder bites you but does no damage.
Unknown command.
Your shield prevents you from hitting the adder.
You barely miss the adder.
* * * LOW HITPOINT WARNING * * *
You feel sick. The adder bites you.
* * * LOW HITPOINT WARNING * * *
You block the adder's attack.
You closely miss the adder. You hit the adder but do no damage.
* * * LOW HITPOINT WARNING * * *
You feel sick. The adder bites you.
You die...

........#
.......S##
........S#
.......S.#
.......g(####
########...g#
####S# ####S#
#.bS@# #.####
#.#########
#.##......#
#.........#
#.##......#
####......#
#......#
#.<....#


You could see 3 adders, a goblin and a bat.

Vanquished Creatures
  A dart slug (D:1)
  2 goblins (D:1)
  6 hobgoblins (D:1)
  3 kobolds (D:1)
  A ball python (D:1)
  4 bats (D:1)
  2 frilled lizards (D:1)
  2 rats (D:1)
21 creatures vanquished.

Notes
Turn   | Place    | Note
-------+----------+-------------------------------------------
     0 | Abyss:1  | Gargoyl the Centaur Abyssal Knight began the quest for the Orb.
     0 | Abyss:1  | Reached XP level 1. HP: 19/19 MP: 2/2
    37 | Abyss:1  | Noticed a small abomination
   144 | Abyss:2  | Noticed a smoke demon
   159 | Abyss:2  | Noticed a thrashing horror
   162 | D:1      | Escaped the Abyss
   378 | D:1      | Reached * piety under Lugonu
   378 | D:1      | Reached XP level 2. HP: 26/26 MP: 3/3
   903 | D:2      | Slain by an adder

Skill      XL: |  1 |
---------------+----+-----
Axes           | 2 |  2.3
Fighting       | |  3.3
Armour         | |  1.6
Dodging        | |  0.7
Invocations    | |  2.3

Action                   || total
-------------------------++-------
Melee: Hand axe          ||    50
       Kick              ||     7
Invok: Depart the Abyss  ||     1
  Use: Scroll            ||     3
Armor: Leather armour    ||    27
Dodge: Dodged            ||    20
Block: Shield            ||    17
